Staline vs Tamiflu
(R1)
Created - 17 mars 2014 at 19:05
Goals
|
| Staline |
2 |
0 |
0 |
0 |
2 |
2 |
| Tamiflu |
0 |
1 |
1 |
0 |
3 |
3 |
|
Shots
|
| Staline |
12 |
8 |
9 |
2 |
5 |
31 |
| Tamiflu |
12 |
5 |
14 |
0 |
5 |
31 |
|
1st period
1. Staline , Cam Janssen 23 (Dave Scatchard, Brandon Prust) at 0:56
2. Staline , Devin Setoguchi 49 (Greg Zanon, Tyler Cuma) at 3:59 (PP)
Penalties :
David Clarkson (Det) for Slashing (Minor) at 3:50, Nathan Oystrick (Det) for Holding Stick (Minor) at 5:08, Brandon Prust (StJ) for High sticking (Minor) at 11:08, T.J. Fast (StJ) for Interference (Minor) at 14:17
2nd period
3. Tamiflu , Jani Rita 22 (David Clarkson, Nathan Oystrick) at 1:25
Penalties :
Nathan Oystrick (Det) for Elbowing (Minor) at 6:08, Brandon Prust (StJ) for Holding (Minor) at 11:23, Mike Brown (Det) for Cross-checking (Minor) at 14:29, Kyle Lawson (Det) for Hooking (Minor) at 16:47
3rd period
4. Tamiflu , Rich Clune 2 (Jordan Hendry, Petr Pohl) at 15:17
Penalties :
Robert Dome (StJ) for Hooking (Minor) at 10:42, Nathan Oystrick (Det) for Interference (Minor) at 13:02, Rich Clune (Det) for Holding (Minor) at 16:47, Robert Dome (StJ) for Diving (Minor) at 17:44
Overtime #1
No Goal
Penalties :
No Penalty
Shootout
Penalty Shot by Mason Raymond for Staline - Stopped by Thomas Greiss
Penalty Shot by Alex Picard for Tamiflu - Goal!
Penalty Shot by T.J. Oshie for Staline - Stopped by Thomas Greiss
Penalty Shot by Mike Brown for Tamiflu - Stopped by Erik Ersberg
Penalty Shot by Cam Janssen for Staline - Goal!
Penalty Shot by Jani Rita for Tamiflu - Stopped by Erik Ersberg
Penalty Shot by Andrei Loktionov for Staline - Goal!
Penalty Shot by David Clarkson for Tamiflu - Goal!
Penalty Shot by Yan Stastny for Staline - Stopped by Thomas Greiss
Penalty Shot by Petr Pohl for Tamiflu - Goal!
Penalties :
No Penalty
Goalie Stats
Erik Ersberg (StJ), 29 saves from 31 shots - (0,935), OTL, 24-12-5, 65:00 minutes
Thomas Greiss (Det), 29 saves from 31 shots - (0,935), W, 13-3-1, 65:00 minutes
Players Stats for Staline
Player Name G A P +/- PIM S H SB GA TA FO MP PP MP PK MP
------------------------------------------------------------------------------------
Andrei Loktionov 0 0 0 0 0 3 0 0 0 0 7/10 13:08 0:00 0:05
Brandon Prust 0 1 1 1 4 3 1 1 0 0 0/1 13:30 0:17 2:42
Cam Janssen 1 0 1 1 0 1 0 0 0 0 0/1 12:53 0:17 3:28
Dave Scatchard 0 1 1 1 0 0 0 0 0 0 3/7 13:45 4:31 1:19
Devin Setoguchi 1 0 1 -1 0 1 2 2 1 0 2/2 17:57 6:13 0:00
Greg Zanon 0 1 1 0 0 2 3 1 1 0 0/0 31:02 5:47 5:03
J.T. Wyman 0 0 0 -1 0 1 1 0 0 0 0/0 7:49 0:00 0:00
James Sheppard 0 0 0 -1 0 0 0 1 0 0 0/0 9:45 0:17 0:00
Josh Gorges 0 0 0 1 0 0 3 0 0 0 0/0 28:11 4:51 5:00
Mason Raymond 0 0 0 0 0 2 1 0 2 0 1/1 16:57 4:31 2:08
Mathieu Perreault 0 0 0 -1 0 3 3 1 0 0 5/11 12:49 0:00 4:55
Robert Dome 0 0 0 -1 4 6 1 0 0 0 2/3 20:58 6:12 1:20
Stu Bickel 0 0 0 -1 0 0 1 1 0 1 0/0 14:28 0:23 3:45
T.J. Fast 0 0 0 0 2 0 2 1 0 1 0/0 23:49 4:51 2:54
T.J. Oshie 0 0 0 0 0 3 0 0 0 0 0/0 17:47 4:31 0:05
Theo Peckham 0 0 0 -1 0 2 1 0 0 0 0/0 13:28 0:00 0:23
Tyler Cuma 0 1 1 -1 0 0 0 0 0 1 0/0 19:13 6:10 0:41
Yan Stastny 0 0 0 -1 0 4 1 0 1 1 14/27 22:31 6:13 1:44
Players Stats for Tamiflu
Player Name G A P +/- PIM S H SB GA TA FO MP PP MP PK MP
------------------------------------------------------------------------------------
Adam Henrique 0 0 0 1 0 3 1 0 0 0 2/7 15:44 4:00 0:00
Akim Aliu 0 0 0 0 0 0 0 0 0 0 0/0 0:00 0:00 0:00
Alex Picard 0 0 0 0 0 6 0 1 0 1 7/17 27:56 4:27 5:46
Casey Wellman 0 0 0 0 0 0 0 1 0 0 2/5 5:20 0:00 0:00
Cody Goloubef 0 0 0 0 0 0 0 0 0 0 0/0 4:07 0:00 0:00
Colin Greening 0 0 0 0 0 0 0 0 0 0 2/4 13:39 0:14 1:07
David Clarkson 0 1 1 1 2 3 2 1 1 0 0/0 19:54 4:00 2:30
Greg Mauldin 0 0 0 0 0 3 0 0 0 0 12/25 15:45 4:33 0:18
Jani Rita 1 0 1 1 0 5 1 0 1 1 2/3 22:20 4:06 4:32
Johan Fransson 0 0 0 0 0 0 0 1 0 0 0/0 7:30 0:00 0:00
Johan Ryno 0 0 0 0 0 0 0 0 0 0 0/0 0:35 0:14 0:00
Jonathan Sigalet 0 0 0 0 0 4 5 3 0 1 0/0 29:01 4:34 6:15
Jordan Hendry 0 1 1 1 0 1 0 0 0 1 0/0 23:52 4:19 4:31
Justin Braun 0 0 0 1 0 0 0 0 0 0 0/0 5:22 0:00 0:44
Kyle Lawson 0 0 0 0 2 0 1 1 0 0 0/0 10:50 0:00 2:25
Mattias Tedenby 0 0 0 0 0 1 1 0 1 0 0/0 8:28 0:06 2:14
Mike Brown 0 0 0 0 2 3 2 0 0 0 2/2 23:26 4:33 4:59
Nathan Oystrick 0 1 1 0 6 0 3 1 0 0 0/0 20:36 4:19 1:52
Pavel Trnka 0 0 0 0 0 1 2 3 1 1 0/0 29:01 4:34 6:15
Petr Pohl 0 1 1 0 0 0 2 1 0 0 0/0 13:13 0:20 0:00
Philippe Dupuis 0 0 0 0 0 0 0 0 0 0 0/0 0:00 0:00 0:00
Rich Clune 1 0 1 0 2 1 1 0 0 0 0/0 11:11 0:06 0:36
Teemu Laakso 0 0 0 0 0 0 0 0 0 0 0/0 0:00 0:00 0:00
Teigan Zahn 0 0 0 0 0 0 0 0 0 0 0/0 0:00 0:00 0:00
3 Stars
1 - Jani Rita (Det)
2 - Cam Janssen (StJ)
3 - Devin Setoguchi (StJ)
Power Play
Staline - 1 on 7 Attempt(s) - 14,29%
Tamiflu - 0 on 5 Attempt(s) - 0,00%
Penalty Kill
Staline - 5 on 5 Attempt(s) - 100,00%
- Score 0 goal in Penalty Kill
Tamiflu - 6 on 7 Attempt(s) - 85,71%
- Score 0 goal in Penalty Kill
Official
Referees : Marouelli Dan and Rooney Chris
Linesman : Shane Heyer and Michel Cormier
Game Notes
No Game Note
Finance
Level 1 -- Attendance: 1400 (70,00%) -- Ticket Income 42 000 $
Level 2 -- Attendance: 836 (83,60%) -- Ticket Income 10 032 $
Total Attendance: 2236 (74,53%)
Total Ticket Income: 52 032 $
Other Income: 2 602 $
Total Income: 54 634 $
Staline
5 vs 5 Forward
Center Left Wing Right Wing Time % Phy DF OF
1 Yan Stastny Robert Dome Devin Setoguchi 40 0 0 5
2 Andrei Loktionov Mason Raymond T.J. Oshie 30 1 2 2
3 Dave Scatchard Brandon Prust Cam Janssen 20 1 2 2
4 Mathieu Perreault James Sheppard J.T. Wyman 10 1 2 2
5 vs 5 Defense
Defense Defense Time % Phy DF OF
1 Greg Zanon Josh Gorges 40 1 2 2
2 T.J. Fast Tyler Cuma 30 1 2 2
3 Theo Peckham Stu Bickel 20 1 2 2
4 Greg Zanon T.J. Fast 10 1 2 2
PowerPlay Forward
Center Left Wing Right Wing Time % Phy DF OF
1 Yan Stastny Robert Dome Devin Setoguchi 60 0 0 5
2 Dave Scatchard Mason Raymond T.J. Oshie 40 1 2 2
PowerPlay Defense
Defense Defense Time % Phy DF OF
1 Greg Zanon Tyler Cuma 60 1 2 2
2 T.J. Fast Josh Gorges 40 1 2 2
Penalty Kill 4 Players Forward
Center Wing Time % Phy DF OF
1 Mathieu Perreault Brandon Prust 60 1 2 2
2 Yan Stastny Cam Janssen 40 1 2 2
Penalty Kill 4 Players Defense
Defense Defense Time % Phy DF OF
1 Greg Zanon Josh Gorges 60 1 2 2
2 T.J. Fast Stu Bickel 40 1 2 2
Penalty Kill - 3 Players Forward
Forward Time % Phy DF OF
1 Mathieu Perreault 60 1 2 2
2 Yan Stastny 40 1 2 2
Penalty Kill - 3 Players Defense
Defense Defense Time % Phy DF OF
1 Greg Zanon Josh Gorges 60 1 2 2
2 T.J. Fast Stu Bickel 40 1 2 2
4 vs 4 Forward
Center Wing Time % Phy DF OF
1 Andrei Loktionov T.J. Oshie 60 1 2 2
2 Yan Stastny Robert Dome 40 1 2 2
4 vs 4 Defense
Defense Defense Time % Phy DF OF
1 Greg Zanon T.J. Fast 60 1 2 2
2 Theo Peckham Josh Gorges 40 1 2 2
Last Minutes Offensive
Center Left Wing Right Wing Defense Defense
Yan Stastny Robert Dome Devin Setoguchi Greg Zanon Josh Gorges
Last Minutes Defensive
Center Left Wing Right Wing Defense Defense
Yan Stastny Mason Raymond T.J. Oshie Greg Zanon Josh Gorges
Goaltenders
Starting : Erik Ersberg
Backup : Tobias Stephan
Extra Forwards
Normal : Brandon Prust, T.J. Oshie, James Sheppard - PP : Brandon Prust, James Sheppard - PK : Cam Janssen
Extra Defensemen
Normal : Tyler Cuma, Theo Peckham, Stu Bickel - PP : Stu Bickel - PK : Tyler Cuma, Theo Peckham
Penalty Shots
Mason Raymond, T.J. Oshie, Cam Janssen, Andrei Loktionov, Yan Stastny
Tamiflu
5 vs 5 Forward
Center Left Wing Right Wing Time % Phy DF OF
1 Greg Mauldin Alex Picard Mike Brown 40 1 2 2
2 Adam Henrique Jani Rita David Clarkson 30 1 2 2
3 Colin Greening Rich Clune Petr Pohl 20 1 2 2
4 Casey Wellman Alex Picard Mattias Tedenby 10 1 2 2
5 vs 5 Defense
Defense Defense Time % Phy DF OF
1 Jonathan Sigalet Pavel Trnka 40 1 2 2
2 Jordan Hendry Nathan Oystrick 30 1 2 2
3 Johan Fransson Kyle Lawson 20 1 2 2
4 Justin Braun Cody Goloubef 10 1 2 2
PowerPlay Forward
Center Left Wing Right Wing Time % Phy DF OF
1 Greg Mauldin Alex Picard Mike Brown 60 1 2 2
2 Adam Henrique Jani Rita David Clarkson 40 1 2 2
PowerPlay Defense
Defense Defense Time % Phy DF OF
1 Jonathan Sigalet Pavel Trnka 60 1 2 2
2 Jordan Hendry Nathan Oystrick 40 1 2 2
Penalty Kill 4 Players Forward
Center Wing Time % Phy DF OF
1 Alex Picard Mike Brown 60 1 2 2
2 Jani Rita David Clarkson 40 1 2 2
Penalty Kill 4 Players Defense
Defense Defense Time % Phy DF OF
1 Jonathan Sigalet Pavel Trnka 60 1 2 2
2 Jordan Hendry Nathan Oystrick 40 1 2 2
Penalty Kill - 3 Players Forward
Forward Time % Phy DF OF
1 Alex Picard 60 1 2 2
2 Mike Brown 40 1 2 2
Penalty Kill - 3 Players Defense
Defense Defense Time % Phy DF OF
1 Jonathan Sigalet Pavel Trnka 60 1 2 2
2 Jordan Hendry Nathan Oystrick 40 1 2 2
4 vs 4 Forward
Center Wing Time % Phy DF OF
1 Alex Picard Mike Brown 60 1 2 2
2 Jani Rita David Clarkson 40 1 2 2
4 vs 4 Defense
Defense Defense Time % Phy DF OF
1 Jonathan Sigalet Pavel Trnka 60 1 2 2
2 Jordan Hendry Nathan Oystrick 40 1 2 2
Last Minutes Offensive
Center Left Wing Right Wing Defense Defense
Greg Mauldin Alex Picard Mike Brown Jonathan Sigalet Pavel Trnka
Last Minutes Defensive
Center Left Wing Right Wing Defense Defense
Greg Mauldin Alex Picard Mike Brown Jonathan Sigalet Pavel Trnka
Goaltenders
Starting : Thomas Greiss
Backup : Mike McKenna
Extra Forwards
Normal : Petr Pohl, Colin Greening, Mattias Tedenby - PP : Petr Pohl, Colin Greening - PK : Mattias Tedenby
Extra Defensemen
Normal : Johan Fransson, Kyle Lawson, Justin Braun - PP : Johan Fransson - PK : Kyle Lawson, Justin Braun
Penalty Shots
Alex Picard, Mike Brown, Jani Rita, David Clarkson, Petr Pohl
% Time on Ice - Staline
Lines # - Real PCT - Wanted PCT - Time Play
Normal Forward
1 - 31% - 40% - 11:55
2 - 30% - 30% - 11:33
3 - 20% - 20% - 7:47
4 - 20% - 10% - 7:49
Normal Defense
1 - 41% - 40% - 16:08
2 - 31% - 30% - 12:12
3 - 26% - 20% - 10:00
4 - 2% - 10% - 0:44
PP Forward
1 - 59% - 60% - 6:27
2 - 41% - 40% - 4:34
PP Defense
1 - 56% - 60% - 6:10
2 - 44% - 40% - 4:51
PK Forward
1 - 80% - 60% - 7:09
2 - 20% - 40% - 1:44
PK Defense
1 - 55% - 60% - 4:55
2 - 45% - 40% - 3:58
PK3 Forward
1 - 0% - 60%
2 - 0% - 40%
PK3 Defense
1 - 0% - 60%
2 - 0% - 40%
44 Forward
1 - 69% - 60% - 4:11
2 - 31% - 40% - 1:51
44 Defense
1 - 55% - 60% - 3:18
2 - 45% - 40% - 2:44
Last Minute Offensive - 0:00
Last Minute Defensive - 0:00
Total
Forward - 65:00
Defense - 65:00
|
% Time on Ice - Tamiflu
Lines # - Real PCT - Wanted PCT - Time Play
Normal Forward
1 - 30% - 40% - 11:38
2 - 30% - 30% - 11:44
3 - 27% - 20% - 10:22
4 - 14% - 10% - 5:20
Normal Defense
1 - 37% - 40% - 14:36
2 - 33% - 30% - 12:51
3 - 19% - 20% - 7:30
4 - 11% - 10% - 4:07
PP Forward
1 - 55% - 60% - 4:53
2 - 45% - 40% - 4:00
PP Defense
1 - 51% - 60% - 4:34
2 - 49% - 40% - 4:19
PK Forward
1 - 77% - 60% - 8:31
2 - 23% - 40% - 2:30
PK Defense
1 - 57% - 60% - 6:15
2 - 43% - 40% - 4:46
PK3 Forward
1 - 0% - 60%
2 - 0% - 40%
PK3 Defense
1 - 0% - 60%
2 - 0% - 40%
44 Forward
1 - 72% - 60% - 4:21
2 - 28% - 40% - 1:41
44 Defense
1 - 60% - 60% - 3:36
2 - 40% - 40% - 2:26
Last Minute Offensive - 0:00
Last Minute Defensive - 0:00
Total
Forward - 65:00
Defense - 65:00
|
Play by Play
1st period
0:01 of 1st period - Mike Brown wins face-off versus Yan Stastny in neutral zone.
0:14 of 1st period - Wrist shot by Mike Brown.
0:14 of 1st period - Stopped by Erik Ersberg with a rebound.
0:30 of 1st period - Snap shot by Jani Rita.
0:30 of 1st period - Stopped by Erik Ersberg with a rebound.
0:38 of 1st period - Adam Henrique is hit by Greg Zanon.
0:56 of 1st period - Snap shot by Cam Janssen.
0:56 of 1st period - Goal by Cam Janssen - Staline : 1 - Tamiflu : 0.
0:57 of 1st period - Mathieu Perreault wins face-off versus Casey Wellman in neutral zone.
1:11 of 1st period - Off-side.
1:12 of 1st period - Greg Mauldin wins face-off versus Yan Stastny in neutral zone.
1:38 of 1st period - Jani Rita is hit by Mason Raymond and loses puck.
3:07 of 1st period - Snap shot by Mike Brown.
3:07 of 1st period - Stopped by Erik Ersberg without a rebound.
3:08 of 1st period - Dave Scatchard wins face-off versus Greg Mauldin in Staline zone.
3:50 of 1st period - Minor Penalty to David Clarkson for Slashing.
3:51 of 1st period - Yan Stastny wins face-off versus Alex Picard in Tamiflu zone.
3:53 of 1st period - Snap shot by Robert Dome.
3:53 of 1st period - Shot Misses the Net.
3:55 of 1st period - Slapshot by Tyler Cuma.
3:55 of 1st period - Shot Blocked by Jonathan Sigalet.
3:57 of 1st period - Wrist shot by Greg Zanon.
3:57 of 1st period - Stopped by Thomas Greiss with a rebound.
3:59 of 1st period - Snap shot by Devin Setoguchi.
3:59 of 1st period - Goal by Devin Setoguchi - Staline : 2 - Tamiflu : 0.
4:00 of 1st period - Andrei Loktionov wins face-off versus Greg Mauldin in neutral zone.
4:25 of 1st period - Rich Clune is hit by Devin Setoguchi and loses puck.
4:30 of 1st period - Wrist shot by Robert Dome.
4:30 of 1st period - Stopped by Thomas Greiss with a rebound.
4:32 of 1st period - Wrist shot by Devin Setoguchi.
4:32 of 1st period - Shot Blocked by Petr Pohl.
4:34 of 1st period - Snap shot by Yan Stastny.
4:34 of 1st period - Stopped by Thomas Greiss with a rebound.
4:36 of 1st period - Slapshot by Theo Peckham.
4:36 of 1st period - Deflect By Devin Setoguchi.
4:36 of 1st period - Shot Misses the Net.
4:36 of 1st period - Puck is out of play.
4:37 of 1st period - Mike Brown wins face-off versus Dave Scatchard in Tamiflu zone.
4:42 of 1st period - Cam Janssen is hit by Mike Brown and loses puck.
4:53 of 1st period - Wrist shot by Alex Picard.
4:53 of 1st period - Deflect By Mike Brown.
4:53 of 1st period - Shot Misses the Net.
4:53 of 1st period - Puck is out of play.
4:54 of 1st period - Adam Henrique wins face-off versus Yan Stastny in Staline zone.
5:08 of 1st period - Minor Penalty to Nathan Oystrick for Holding Stick.
5:09 of 1st period - Yan Stastny wins face-off versus Alex Picard in Tamiflu zone.
5:10 of 1st period - Snap shot by Devin Setoguchi.
5:10 of 1st period - Shot Misses the Net.
5:38 of 1st period - Wrist shot by David Clarkson.
5:38 of 1st period - Stopped by Erik Ersberg without a rebound.
5:39 of 1st period - Jani Rita wins face-off versus Dave Scatchard in Staline zone.
6:40 of 1st period - Josh Gorges is hit by Jonathan Sigalet and loses puck.
7:08 of 1st period - Penalty to Nathan Oystrick is over, Nathan Oystrick is back on ice.
7:17 of 1st period - Snap shot by Petr Pohl.
7:17 of 1st period - Shot Misses the Net.
7:19 of 1st period - Wrist shot by Jordan Hendry.
7:19 of 1st period - Shot Blocked by James Sheppard.
7:33 of 1st period - Slapshot by Jordan Hendry.
7:33 of 1st period - Deflect By Mattias Tedenby.
7:33 of 1st period - Stopped by Erik Ersberg without a rebound.
7:34 of 1st period - Casey Wellman wins face-off versus Dave Scatchard in Staline zone.
7:35 of 1st period - Wrist shot by Alex Picard.
7:35 of 1st period - Stopped by Erik Ersberg without a rebound.
7:36 of 1st period - Dave Scatchard wins face-off versus Casey Wellman in Staline zone.
8:09 of 1st period - Snap shot by Yan Stastny.
8:09 of 1st period - Stopped by Thomas Greiss without a rebound.
8:10 of 1st period - Adam Henrique wins face-off versus Andrei Loktionov in Tamiflu zone.
8:19 of 1st period - Wrist shot by Jani Rita.
8:19 of 1st period - Stopped by Erik Ersberg without a rebound.
8:20 of 1st period - Andrei Loktionov wins face-off versus Adam Henrique in Staline zone.
8:37 of 1st period - Wrist shot by David Clarkson.
8:37 of 1st period - Deflect By T.J. Oshie.
8:37 of 1st period - Stopped by Erik Ersberg without a rebound.
8:38 of 1st period - Yan Stastny wins face-off versus Greg Mauldin in Staline zone.
8:43 of 1st period - Devin Setoguchi is hit by Mike Brown and loses puck.
8:54 of 1st period - Wrist shot by Alex Picard.
8:54 of 1st period - Shot Misses the Net.
9:23 of 1st period - Josh Gorges is hit by Petr Pohl and loses puck.
9:30 of 1st period - Snap shot by Dave Scatchard.
9:30 of 1st period - Shot Misses the Net.
9:54 of 1st period - Snap shot by Alex Picard.
9:54 of 1st period - Shot Blocked by T.J. Fast.
10:58 of 1st period - Snap shot by Brandon Prust.
10:58 of 1st period - Stopped by Thomas Greiss with a rebound.
11:08 of 1st period - Minor Penalty to Brandon Prust for High sticking.
11:09 of 1st period - Greg Mauldin wins face-off versus Mathieu Perreault in Staline zone.
11:10 of 1st period - Snap shot by Alex Picard.
11:10 of 1st period - Stopped by Erik Ersberg without a rebound.
11:11 of 1st period - Greg Mauldin wins face-off versus Mathieu Perreault in Staline zone.
11:12 of 1st period - Wrist shot by Alex Picard.
11:12 of 1st period - Shot Misses the Net.
11:14 of 1st period - Slapshot by Pavel Trnka.
11:14 of 1st period - Stopped by Erik Ersberg without a rebound.
11:15 of 1st period - Greg Mauldin wins face-off versus Mathieu Perreault in Staline zone.
11:53 of 1st period - Snap shot by Jani Rita.
11:53 of 1st period - Shot Misses the Net.
11:59 of 1st period - Snap shot by Adam Henrique.
11:59 of 1st period - Shot Misses the Net.
12:01 of 1st period - Snap shot by Jonathan Sigalet.
12:01 of 1st period - Stopped by Erik Ersberg with a rebound.
13:08 of 1st period - Penalty to Brandon Prust is over, Brandon Prust is back on ice.
13:15 of 1st period - Brandon Prust is hit by Petr Pohl and loses puck.
14:06 of 1st period - Slapshot by Brandon Prust.
14:06 of 1st period - Stopped by Thomas Greiss without a rebound.
14:07 of 1st period - Colin Greening wins face-off versus Dave Scatchard in Tamiflu zone.
14:17 of 1st period - Minor Penalty to T.J. Fast for Interference.
14:18 of 1st period - Mathieu Perreault wins face-off versus Greg Mauldin in Staline zone.
16:17 of 1st period - Penalty to T.J. Fast is over, T.J. Fast is back on ice.
16:37 of 1st period - Off-side.
16:38 of 1st period - Andrei Loktionov wins face-off versus Colin Greening in neutral zone.
16:53 of 1st period - Wrist shot by Mason Raymond.
16:53 of 1st period - Stopped by Thomas Greiss with a rebound.
16:55 of 1st period - Wrist shot by Mason Raymond.
16:55 of 1st period - Stopped by Thomas Greiss with a rebound.
17:07 of 1st period - Slapshot by T.J. Oshie.
17:07 of 1st period - Stopped by Thomas Greiss without a rebound.
17:08 of 1st period - Casey Wellman wins face-off versus Yan Stastny in Tamiflu zone.
17:41 of 1st period - Wrist shot by Jani Rita.
17:41 of 1st period - Stopped by Erik Ersberg without a rebound.
17:42 of 1st period - Yan Stastny wins face-off versus Alex Picard in Staline zone.
18:40 of 1st period - Slapshot by Cam Janssen.
18:40 of 1st period - Shot Blocked by Jonathan Sigalet.
19:07 of 1st period - Icing by Mathieu Perreault.
19:08 of 1st period - Mathieu Perreault wins face-off versus Adam Henrique in Staline zone.
19:08 of 1st period - Mathieu Perreault is hit by Adam Henrique.
19:21 of 1st period - Wrist shot by Jani Rita.
19:21 of 1st period - Shot Blocked by Greg Zanon.
19:24 of 1st period - Icing by Greg Zanon.
19:25 of 1st period - Mathieu Perreault wins face-off versus Greg Mauldin in Staline zone.
19:30 of 1st period - Wrist shot by Mathieu Perreault.
19:30 of 1st period - Stopped by Thomas Greiss with a rebound.
19:52 of 1st period - Alex Picard is hit by Mathieu Perreault and loses puck.
Goals for this period are 2 for Staline vs 0 for Tamiflu.
Shots for this period are 12 for Staline vs 12 for Tamiflu.
2nd period
0:01 of 2nd period - Devin Setoguchi wins face-off versus Greg Mauldin in neutral zone.
0:11 of 2nd period - Slapshot by Josh Gorges.
0:11 of 2nd period - Shot Blocked by Pavel Trnka.
0:25 of 2nd period - T.J. Oshie is hit by Jani Rita and loses puck.
0:30 of 2nd period - Snap shot by Adam Henrique.
0:30 of 2nd period - Stopped by Erik Ersberg with a rebound.
0:54 of 2nd period - Mathieu Perreault is hit by Nathan Oystrick and loses puck.
1:23 of 2nd period - Wrist shot by David Clarkson.
1:23 of 2nd period - Shot Blocked by Devin Setoguchi.
1:25 of 2nd period - Backhand shot by Jani Rita.
1:25 of 2nd period - Goal by Jani Rita - Staline : 2 - Tamiflu : 1.
1:26 of 2nd period - Yan Stastny wins face-off versus Greg Mauldin in neutral zone.
1:36 of 2nd period - Snap shot by Greg Mauldin.
1:36 of 2nd period - Stopped by Erik Ersberg with a rebound.
1:38 of 2nd period - Snap shot by Greg Mauldin.
1:38 of 2nd period - Shot Blocked by Devin Setoguchi.
1:40 of 2nd period - Snap shot by Jonathan Sigalet.
1:40 of 2nd period - Shot Misses the Net.
1:42 of 2nd period - Wrist shot by Alex Picard.
1:42 of 2nd period - Stopped by Erik Ersberg with a rebound.
3:09 of 2nd period - T.J. Fast is hit by David Clarkson.
3:17 of 2nd period - Snap shot by J.T. Wyman.
3:17 of 2nd period - Shot Misses the Net.
4:05 of 2nd period - Backhand shot by Jonathan Sigalet.
4:05 of 2nd period - Stopped by Erik Ersberg with a rebound.
4:33 of 2nd period - Alex Picard is hit by J.T. Wyman and loses puck.
4:58 of 2nd period - Snap shot by Robert Dome.
4:58 of 2nd period - Shot Misses the Net.
5:28 of 2nd period - Colin Greening is hit by Brandon Prust and loses puck.
6:01 of 2nd period - Wrist shot by Yan Stastny.
6:01 of 2nd period - Shot Hit the Post.
6:03 of 2nd period - Slapshot by Robert Dome.
6:03 of 2nd period - Stopped by Thomas Greiss with a rebound.
6:05 of 2nd period - Wrist shot by Robert Dome.
6:05 of 2nd period - Stopped by Thomas Greiss without a rebound.
6:06 of 2nd period - Greg Mauldin wins face-off versus Yan Stastny in Tamiflu zone.
6:08 of 2nd period - Minor Penalty to Nathan Oystrick for Elbowing.
6:09 of 2nd period - Alex Picard wins face-off versus Yan Stastny in Tamiflu zone.
6:43 of 2nd period - Pavel Trnka is hit by T.J. Fast and loses puck.
6:48 of 2nd period - Wrist shot by T.J. Oshie.
6:48 of 2nd period - Shot Blocked by David Clarkson.
6:50 of 2nd period - Wrist shot by T.J. Oshie.
6:50 of 2nd period - Stopped by Thomas Greiss with a rebound.
6:52 of 2nd period - Wrist shot by Dave Scatchard.
6:52 of 2nd period - Shot Misses the Net.
8:08 of 2nd period - Penalty to Nathan Oystrick is over, Nathan Oystrick is back on ice.
11:23 of 2nd period - Minor Penalty to Brandon Prust for Holding.
11:24 of 2nd period - Greg Mauldin wins face-off versus Cam Janssen in Staline zone.
11:29 of 2nd period - Wrist shot by Greg Mauldin.
11:29 of 2nd period - Shot Misses the Net.
11:51 of 2nd period - Mathieu Perreault is hit by Jonathan Sigalet and loses puck.
12:26 of 2nd period - Stu Bickel is hit by Nathan Oystrick.
13:23 of 2nd period - Penalty to Brandon Prust is over, Brandon Prust is back on ice.
14:09 of 2nd period - Wrist shot by Cam Janssen.
14:09 of 2nd period - Deflect By Yan Stastny.
14:09 of 2nd period - Shot Blocked by Kyle Lawson.
14:09 of 2nd period - Puck is out of play.
14:10 of 2nd period - Andrei Loktionov wins face-off versus Jani Rita in Tamiflu zone.
14:29 of 2nd period - Minor Penalty to Mike Brown for Cross-checking.
14:30 of 2nd period - Yan Stastny wins face-off versus Alex Picard in Tamiflu zone.
15:42 of 2nd period - T.J. Fast is hit by Mattias Tedenby and loses puck.
16:01 of 2nd period - Dave Scatchard is hit by Rich Clune and loses puck.
16:29 of 2nd period - Penalty to Mike Brown is over, Mike Brown is back on ice.
16:47 of 2nd period - Minor Penalty to Kyle Lawson for Hooking.
16:48 of 2nd period - Alex Picard wins face-off versus Yan Stastny in Tamiflu zone.
17:01 of 2nd period - Snap shot by Robert Dome.
17:01 of 2nd period - Shot Blocked by Pavel Trnka.
17:03 of 2nd period - Backhand shot by Robert Dome.
17:03 of 2nd period - Stopped by Thomas Greiss with a rebound.
17:18 of 2nd period - T.J. Oshie is hit by Jonathan Sigalet and loses puck.
18:14 of 2nd period - Jonathan Sigalet is hit by Josh Gorges and loses puck.
18:47 of 2nd period - Penalty to Kyle Lawson is over, Kyle Lawson is back on ice.
18:51 of 2nd period - Wrist shot by Yan Stastny.
18:51 of 2nd period - Stopped by Thomas Greiss with a rebound.
18:53 of 2nd period - Snap shot by Mathieu Perreault.
18:53 of 2nd period - Stopped by Thomas Greiss with a rebound.
18:55 of 2nd period - Snap shot by Stu Bickel.
18:55 of 2nd period - Deflect By Mathieu Perreault.
18:55 of 2nd period - Stopped by Thomas Greiss with a rebound.
18:57 of 2nd period - Slapshot by Stu Bickel.
18:57 of 2nd period - Shot Misses the Net.
19:01 of 2nd period - Wrist shot by J.T. Wyman.
19:01 of 2nd period - Stopped by Thomas Greiss without a rebound.
19:02 of 2nd period - Colin Greening wins face-off versus Mathieu Perreault in Tamiflu zone.
19:07 of 2nd period - Kyle Lawson is hit by Mathieu Perreault and loses puck.
19:31 of 2nd period - Dave Scatchard is hit by Kyle Lawson.
Goals for this period are 0 for Staline vs 1 for Tamiflu.
Shots for this period are 8 for Staline vs 5 for Tamiflu.
3rd period
0:01 of 3rd period - Greg Mauldin wins face-off versus Yan Stastny in neutral zone.
0:03 of 3rd period - Off-side.
0:04 of 3rd period - Yan Stastny wins face-off versus Alex Picard in neutral zone.
0:11 of 3rd period - Wrist shot by Yan Stastny.
0:11 of 3rd period - Stopped by Thomas Greiss with a rebound.
0:55 of 3rd period - Slapshot by Jonathan Sigalet.
0:55 of 3rd period - Shot Blocked by Brandon Prust.
1:19 of 3rd period - Nathan Oystrick is hit by Mathieu Perreault and loses puck.
1:42 of 3rd period - Wrist shot by Robert Dome.
1:42 of 3rd period - Shot Misses the Net.
1:52 of 3rd period - Mason Raymond is hit by Nathan Oystrick and loses puck.
2:02 of 3rd period - Wrist shot by Adam Henrique.
2:02 of 3rd period - Stopped by Erik Ersberg without a rebound.
2:03 of 3rd period - Yan Stastny wins face-off versus Adam Henrique in Staline zone.
2:10 of 3rd period - Slapshot by Greg Zanon.
2:10 of 3rd period - Stopped by Thomas Greiss with a rebound.
2:12 of 3rd period - Snap shot by Robert Dome.
2:12 of 3rd period - Stopped by Thomas Greiss with a rebound.
2:14 of 3rd period - Slapshot by Robert Dome.
2:14 of 3rd period - Shot Misses the Net.
2:16 of 3rd period - Slapshot by Yan Stastny.
2:16 of 3rd period - Deflect By Devin Setoguchi.
2:16 of 3rd period - Shot Misses the Net.
2:16 of 3rd period - Puck is out of play.
2:17 of 3rd period - Robert Dome wins face-off versus Greg Mauldin in Tamiflu zone.
3:27 of 3rd period - Snap shot by Yan Stastny.
3:27 of 3rd period - Shot Misses the Net.
3:47 of 3rd period - Wrist shot by T.J. Oshie.
3:47 of 3rd period - Stopped by Thomas Greiss with a rebound.
3:49 of 3rd period - Snap shot by Mason Raymond.
3:49 of 3rd period - Shot Blocked by Nathan Oystrick.
3:51 of 3rd period - Slapshot by Theo Peckham.
3:51 of 3rd period - Deflect By Petr Pohl.
3:51 of 3rd period - Stopped by Thomas Greiss with a rebound.
4:05 of 3rd period - Snap shot by Mike Brown.
4:05 of 3rd period - Stopped by Erik Ersberg without a rebound.
4:06 of 3rd period - Yan Stastny wins face-off versus Greg Mauldin in Staline zone.
4:13 of 3rd period - Snap shot by Alex Picard.
4:13 of 3rd period - Stopped by Erik Ersberg with a rebound.
4:15 of 3rd period - Slapshot by Jonathan Sigalet.
4:15 of 3rd period - Deflect By T.J. Fast.
4:15 of 3rd period - Stopped by Erik Ersberg without a rebound.
4:16 of 3rd period - Yan Stastny wins face-off versus Greg Mauldin in Staline zone.
4:27 of 3rd period - Slapshot by Alex Picard.
4:27 of 3rd period - Deflect By Greg Mauldin.
4:27 of 3rd period - Stopped by Erik Ersberg with a rebound.
4:29 of 3rd period - Slapshot by Alex Picard.
4:29 of 3rd period - Stopped by Erik Ersberg without a rebound.
4:30 of 3rd period - Yan Stastny wins face-off versus Greg Mauldin in Staline zone.
4:37 of 3rd period - Snap shot by Robert Dome.
4:37 of 3rd period - Stopped by Thomas Greiss without a rebound.
4:38 of 3rd period - Greg Mauldin wins face-off versus Yan Stastny in Tamiflu zone.
4:38 of 3rd period - Greg Mauldin is hit by Greg Zanon.
5:27 of 3rd period - Icing by Josh Gorges.
5:28 of 3rd period - Jani Rita wins face-off versus Yan Stastny in Staline zone.
5:29 of 3rd period - Wrist shot by Adam Henrique.
5:29 of 3rd period - Stopped by Erik Ersberg with a rebound.
7:24 of 3rd period - J.T. Wyman is hit by Pavel Trnka and loses puck.
7:37 of 3rd period - Jonathan Sigalet is hit by Stu Bickel and loses puck.
8:47 of 3rd period - Snap shot by T.J. Oshie.
8:47 of 3rd period - Shot Blocked by Casey Wellman.
8:49 of 3rd period - Backhand shot by Theo Peckham.
8:49 of 3rd period - Stopped by Thomas Greiss without a rebound.
8:50 of 3rd period - Mason Raymond wins face-off versus Casey Wellman in Tamiflu zone.
8:53 of 3rd period - Wrist shot by Mason Raymond.
8:53 of 3rd period - Shot Blocked by Johan Fransson.
9:16 of 3rd period - Adam Henrique is hit by Devin Setoguchi and loses puck.
10:14 of 3rd period - Off-side.
10:15 of 3rd period - Andrei Loktionov wins face-off versus Adam Henrique in neutral zone.
10:15 of 3rd period - Andrei Loktionov is hit by David Clarkson.
10:27 of 3rd period - Wrist shot by David Clarkson.
10:27 of 3rd period - Stopped by Erik Ersberg without a rebound.
10:28 of 3rd period - Yan Stastny wins face-off versus Adam Henrique in Staline zone.
10:33 of 3rd period - Snap shot by Robert Dome.
10:33 of 3rd period - Shot Misses the Net.
10:42 of 3rd period - Minor Penalty to Robert Dome for Hooking.
10:43 of 3rd period - Greg Mauldin wins face-off versus Mathieu Perreault in Staline zone.
10:43 of 3rd period - Slapshot by Pavel Trnka.
10:43 of 3rd period - Shot Blocked by Mathieu Perreault.
11:45 of 3rd period - Snap shot by T.J. Fast.
11:45 of 3rd period - Deflect By Yan Stastny.
11:45 of 3rd period - Shot Misses the Net.
11:45 of 3rd period - Puck is out of play.
11:46 of 3rd period - Greg Mauldin wins face-off versus Yan Stastny in Tamiflu zone.
12:11 of 3rd period - Pavel Trnka is hit by T.J. Fast and loses puck.
12:24 of 3rd period - Wrist shot by Greg Mauldin.
12:24 of 3rd period - Stopped by Erik Ersberg without a rebound.
12:25 of 3rd period - Greg Mauldin wins face-off versus Mathieu Perreault in Staline zone.
12:26 of 3rd period - Slapshot by Alex Picard.
12:26 of 3rd period - Stopped by Erik Ersberg without a rebound.
12:27 of 3rd period - Mathieu Perreault wins face-off versus Greg Mauldin in Staline zone.
12:42 of 3rd period - Penalty to Robert Dome is over, Robert Dome is back on ice.
13:00 of 3rd period - Wrist shot by Andrei Loktionov.
13:00 of 3rd period - Stopped by Thomas Greiss with a rebound.
13:02 of 3rd period - Minor Penalty to Nathan Oystrick for Interference.
13:03 of 3rd period - Yan Stastny wins face-off versus Alex Picard in Tamiflu zone.
13:06 of 3rd period - Slapshot by Robert Dome.
13:06 of 3rd period - Deflect By Yan Stastny.
13:06 of 3rd period - Shot Misses the Net.
13:06 of 3rd period - Puck is out of play.
13:07 of 3rd period - Alex Picard wins face-off versus Robert Dome in Tamiflu zone.
13:14 of 3rd period - Slapshot by Jonathan Sigalet.
13:14 of 3rd period - Stopped by Erik Ersberg without a rebound.
13:15 of 3rd period - Yan Stastny wins face-off versus Alex Picard in Staline zone.
13:25 of 3rd period - Jonathan Sigalet is hit by Yan Stastny and loses puck.
14:06 of 3rd period - Jordan Hendry is hit by Josh Gorges and loses puck.
15:02 of 3rd period - Penalty to Nathan Oystrick is over, Nathan Oystrick is back on ice.
15:15 of 3rd period - Slapshot by Jordan Hendry.
15:15 of 3rd period - Stopped by Erik Ersberg with a rebound.
15:17 of 3rd period - Snap shot by Rich Clune.
15:17 of 3rd period - Goal by Rich Clune - Staline : 2 - Tamiflu : 2.
15:18 of 3rd period - Devin Setoguchi wins face-off versus Greg Mauldin in neutral zone.
15:23 of 3rd period - Slapshot by Theo Peckham.
15:23 of 3rd period - Shot Blocked by Jonathan Sigalet.
15:33 of 3rd period - Devin Setoguchi is hit by Jonathan Sigalet and loses puck.
15:51 of 3rd period - Slapshot by Brandon Prust.
15:51 of 3rd period - Shot Misses the Net.
15:53 of 3rd period - Slapshot by Stu Bickel.
15:53 of 3rd period - Shot Misses the Net.
16:09 of 3rd period - Wrist shot by Mason Raymond.
16:09 of 3rd period - Deflect By Andrei Loktionov.
16:09 of 3rd period - Stopped by Thomas Greiss without a rebound.
16:10 of 3rd period - Greg Mauldin wins face-off versus Yan Stastny in Tamiflu zone.
16:32 of 3rd period - Icing by Pavel Trnka.
16:33 of 3rd period - Dave Scatchard wins face-off versus Colin Greening in Tamiflu zone.
16:47 of 3rd period - Minor Penalty to Rich Clune for Holding.
16:48 of 3rd period - Alex Picard wins face-off versus Yan Stastny in Tamiflu zone.
17:44 of 3rd period - Minor Penalty to Robert Dome for Diving.
17:45 of 3rd period - Alex Picard wins face-off versus Andrei Loktionov in Staline zone.
18:32 of 3rd period - Slapshot by Petr Pohl.
18:32 of 3rd period - Shot Misses the Net.
18:34 of 3rd period - Wrist shot by Petr Pohl.
18:34 of 3rd period - Shot Misses the Net.
18:47 of 3rd period - Penalty to Rich Clune is over, Rich Clune is back on ice.
19:04 of 3rd period - Wrist shot by Jani Rita.
19:04 of 3rd period - Stopped by Erik Ersberg with a rebound.
19:06 of 3rd period - Backhand shot by Jani Rita.
19:06 of 3rd period - Shot Blocked by Stu Bickel.
19:44 of 3rd period - Penalty to Robert Dome is over, Robert Dome is back on ice.
Goals for this period are 0 for Staline vs 1 for Tamiflu.
Shots for this period are 9 for Staline vs 14 for Tamiflu.
Overtime #1
0:01 of 1st overtime period - Andrei Loktionov wins face-off versus Alex Picard in neutral zone.
0:06 of 1st overtime period - Slapshot by Andrei Loktionov.
0:06 of 1st overtime period - Stopped by Thomas Greiss with a rebound.
0:08 of 1st overtime period - Slapshot by T.J. Fast.
0:08 of 1st overtime period - Shot Blocked by Alex Picard.
0:10 of 1st overtime period - Slapshot by T.J. Fast.
0:10 of 1st overtime period - Shot Misses the Net.
0:12 of 1st overtime period - Snap shot by Andrei Loktionov.
0:12 of 1st overtime period - Shot Misses the Net.
0:14 of 1st overtime period - Snap shot by T.J. Oshie.
0:14 of 1st overtime period - Shot Blocked by Pavel Trnka.
0:50 of 1st overtime period - Slapshot by Greg Zanon.
0:50 of 1st overtime period - Shot Misses the Net.
0:52 of 1st overtime period - Backhand shot by Greg Zanon.
0:52 of 1st overtime period - Deflect By Robert Dome.
0:52 of 1st overtime period - Shot Misses the Net.
0:52 of 1st overtime period - Puck is out of play.
0:53 of 1st overtime period - Andrei Loktionov wins face-off versus Alex Picard in Tamiflu zone.
1:18 of 1st overtime period - Josh Gorges is hit by Pavel Trnka and loses puck.
1:25 of 1st overtime period - David Clarkson is hit by Greg Zanon.
1:42 of 1st overtime period - Icing by Andrei Loktionov.
1:43 of 1st overtime period - Alex Picard wins face-off versus Brandon Prust in Staline zone.
2:23 of 1st overtime period - Petr Pohl is hit by Theo Peckham and loses puck.
2:32 of 1st overtime period - Slapshot by Josh Gorges.
2:32 of 1st overtime period - Deflect By Brandon Prust.
2:32 of 1st overtime period - Stopped by Thomas Greiss without a rebound.
2:33 of 1st overtime period - Alex Picard wins face-off versus Andrei Loktionov in Tamiflu zone.
4:02 of 1st overtime period - James Sheppard is hit by Jonathan Sigalet and loses puck.
4:25 of 1st overtime period - Jonathan Sigalet is hit by Josh Gorges and loses puck.
4:34 of 1st overtime period - Icing by Robert Dome.
4:35 of 1st overtime period - Robert Dome wins face-off versus Alex Picard in Staline zone.
4:40 of 1st overtime period - Mike Brown is hit by Robert Dome and loses puck.
Goals for this period are 0 for Staline vs 0 for Tamiflu.
Shots for this period are 2 for Staline vs 0 for Tamiflu.
ShootOut
5:00 of 1st overtime period - Penalty Shot by Mason Raymond for Staline.
5:00 of 1st overtime period - Deke by Mason Raymond.
5:00 of 1st overtime period - Stopped by Thomas Greiss.
5:00 of 1st overtime period - Penalty Shot by Alex Picard for Tamiflu.
5:00 of 1st overtime period - Wrist shot by Alex Picard.
5:00 of 1st overtime period - Goal by Alex Picard.
5:00 of 1st overtime period - Penalty Shot by T.J. Oshie for Staline.
5:00 of 1st overtime period - Deke by T.J. Oshie.
5:00 of 1st overtime period - Stopped by Thomas Greiss.
5:00 of 1st overtime period - Penalty Shot by Mike Brown for Tamiflu.
5:00 of 1st overtime period - Wrist shot by Mike Brown.
5:00 of 1st overtime period - Stopped by Erik Ersberg.
5:00 of 1st overtime period - Penalty Shot by Cam Janssen for Staline.
5:00 of 1st overtime period - Snap shot by Cam Janssen.
5:00 of 1st overtime period - Goal by Cam Janssen.
5:00 of 1st overtime period - Penalty Shot by Jani Rita for Tamiflu.
5:00 of 1st overtime period - Backhand shot by Jani Rita.
5:00 of 1st overtime period - Stopped by Erik Ersberg.
5:00 of 1st overtime period - Penalty Shot by Andrei Loktionov for Staline.
5:00 of 1st overtime period - Snap shot by Andrei Loktionov.
5:00 of 1st overtime period - Goal by Andrei Loktionov.
5:00 of 1st overtime period - Penalty Shot by David Clarkson for Tamiflu.
5:00 of 1st overtime period - Snap shot by David Clarkson.
5:00 of 1st overtime period - Goal by David Clarkson.
5:00 of 1st overtime period - Penalty Shot by Yan Stastny for Staline.
5:00 of 1st overtime period - Wrist shot by Yan Stastny.
5:00 of 1st overtime period - Stopped by Thomas Greiss.
5:00 of 1st overtime period - Penalty Shot by Petr Pohl for Tamiflu.
5:00 of 1st overtime period - Snap shot by Petr Pohl.
5:00 of 1st overtime period - Goal by Petr Pohl.
Output by the SimonT Hockey Simulator (STHS) for François Prévost -- Original Page W3C XHTML 1.0 Valid